 Dungeon Crawl Stone Soup version 0.28.0 (webtiles) character file.

Game seed: 15312335762525166582

21 Jango00 the Skirmisher (level 2, -5/26 HPs)
             Began as a Ghoul Monk on Feb 7, 2022.
             Slain by Crazy Yiuf (8 damage)
             ... on level 2 of the Dungeon.
             The game lasted 00:14:12 (726 turns).

Jango00 the Skirmisher (Ghoul Monk)                  Turns: 726, Time: 00:14:12

Health: -5/26      AC:  3    Str: 14    XL:     2   Next: 87%
Magic:  1/1        EV: 12    Int:  5    God:
Gold:   31         SH:  0    Dex: 11    Spells: 1/1 levels left

rFire   . . .      SeeInvis .   a - +0 spear
rCold   + . .      Faith    .   (no shield)
rNeg    + + +      Spirit   .   d - +0 leather armour
rPois   ∞          Reflect  .   (no helmet)
rElec   .          Harm     .   (no cloak)
rCorr   .          Rampage  .   (no gloves)
Will    .....                   (no boots)
Stlth   ++........              (no amulet)
HPRegen 0.00/turn               (no ring)
MPRegen 0.07/turn               (no ring)

@: inhibited regen
A: claws 1, cold resistance 1, negative energy resistance 3, inhibited
regeneration, torment resistance 2
a: no special abilities


You were on level 2 of the Dungeon.
You visited 1 branch of the dungeon, and saw 2 of its levels.

You collected 31 gold pieces.

Inventory:

Hand Weapons
 a - a +0 spear (weapon)
 c - a +0 dagger
Armour
 b - a +0 robe
 d - a +0 leather armour (worn)
Scrolls
 e - a scroll of teleportation {unknown}
 f - a scroll of vulnerability {unknown}


   Skills:
 + Level 3.5 Fighting
 + Level 3.0 Polearms
 + Level 0.1 Armour
 + Level 3.0 Dodging
 + Level 2.5 Stealth


You had one spell level left.
You didn't know any spells.
Your spell library contained the following spells:

 Spells                   Type           Power      Damage    Failure   Level
 Scorch                   Fire           0%         2d5       71%         2
 Flame Wave               Conj/Fire      0%         2d4       100%        4
 Summon Cactus Giant      Summ           0%         N/A       100%        6


Dungeon Overview and Level Annotations

Branches:
Dungeon (2/15)

Altars:

Annotations:
D:2 Crazy Yiuf


Innate Abilities, Weirdness & Mutations

You thrive by killing the living.
You are immune to poison.
You have sharp fingernails.
Your flesh is cold resistant. (rC+)
You are immune to negative energy. (rN+++)
You do not regenerate when monsters are visible.
You are immune to unholy pain and torment.


Message History

The adder bites you but does no damage.
You closely miss the adder.
The adder is lightly wounded.
The adder bites you but does no damage. The adder barely misses you.
You hit the adder.
The adder is moderately wounded.
The adder bites you but does no damage.
You barely miss the adder.
The adder is moderately wounded.
The adder bites you.
You hit the adder.
The adder is heavily wounded.
The adder bites you.
You closely miss the adder.
The adder is heavily wounded.
The adder closely misses you. The adder bites you.
* * * LOW HITPOINT WARNING * * *
The adder misses you. The adder bites you.
* * * LOW HITPOINT WARNING * * *
You hit the adder.
You kill the adder!
Your Polearms skill increases to level 3!
Your Dodging skill increases to level 3!
Found a mace.
Found a runed translucent door.
You open the door.
Crazy Yiuf shouts!
The hobgoblin closely misses you.
There is an open translucent door here.
You hit Crazy Yiuf but do no damage.
The hobgoblin hits you but does no damage.
Crazy Yiuf barely misses you.
You barely miss Crazy Yiuf. The hobgoblin barely misses you.
Crazy Yiuf closely misses you.
You barely miss Crazy Yiuf.
The hobgoblin hits you but does no damage.
Crazy Yiuf cries, "You leg down broken song, no?"
Crazy Yiuf barely misses you.
Crazy Yiuf hits you with a +2 quarterstaff of chaos!
You die...

. # ### ♣♣♣♣♣##.#
#####♣♣♣.♣.....#####
#..@#♣..♣...........
#..gg.♣♣♣♣......##..
#)..#♣♣ ♣♣....#....
##### ♣♣####..†.
#.... ###.#
#######.# #...g...#
#.#######


You could see Crazy Yiuf and a hobgoblin.

Vanquished Creatures
  An adder (D:2)
  A dart slug (D:2)
  A bat (D:2)
  A goblin (D:2)
  A hobgoblin (D:1)
  A kobold (D:1)
  A quokka (D:2)
  A ball python (D:2)
  A frilled lizard (D:1)
  2 rats
11 creatures vanquished.

Notes
Turn   | Place    | Note
-------+----------+-------------------------------------------
     0 | D:1      | Jango00 the Ghoul Monk began the quest for the Orb.
     0 | D:1      | Reached XP level 1. HP: 19/19 MP: 0/0
   625 | D:2      | Reached XP level 2. HP: 26/26 MP: 1/1
   717 | D:2      | Found a runed translucent door.
   718 | D:2      | Noticed Crazy Yiuf
   726 | D:2      | Slain by Crazy Yiuf

Illustrated notes

Levels and vault maps discovered:
D:1:      lightli_arrival_flooded_house, layout_loops_cross,
          shapermc_ecumenical_altar_rom_forum
D:2:      layout_basic, uniq_crazy_yiuf_cottage

Skill      XL: |  1  2 |
---------------+-------+-----
Polearms       | 3 |  3.0
Dodging        | 3 |  3.0
Fighting       | |  3.5
Armour         | |  0.1
Stealth        | |  2.5

Action                   || total
-------------------------++-------
Melee: Spear             ||    63
       Punch             ||     1
 Stab: Sleeping          ||     2
Armor: Leather armour    ||    14
       Robe              ||     3
Dodge: Dodged            ||    47
